 Dungeon Crawl Stone Soup version 0.29.1-15-g9cfb28693d (webtiles) character file.

Game seed: 7168668405141057934

7 croobank the Sneak (level 2, -1/21 HPs)
             Began as an Octopode Delver on Mar 6, 2023.
             Slain by an orc wizard
             ... wielding a +0 dagger
              (3 damage)
             ... on level 5 of the Dungeon.
             The game lasted 00:00:49 (37 turns).

croobank the Sneak (Octopode Delver)                  Turns: 37, Time: 00:00:50

Health: -1/21      AC:  1    Str: 11    XL:     2   Next: 4%
Magic:  2/2        EV: 13    Int: 12    God:
Gold:   0          SH:  0    Dex: 13    Spells: 1/1 levels left

rFire   . . .      SeeInvis .   a - +0 hand axe
rCold   . . .      Faith    .   (no shield)
rNeg    . . .      Spirit   .   (helmet restricted)
rPois   .          Reflect  .   (no amulet)
rElec   .          Harm     .   (no ring)
rCorr   .          Rampage  .   (no ring)
Will    .....                   (no ring)
Stlth   ++........              (no ring)
HPRegen 0.07/turn               (no ring)
MPRegen 0.08/turn               (no ring)
                                (no ring)
                                (no ring)

@: confused
A: almost no armour, amphibious, 8 rings, camouflage 1, gelatinous body 1,
(nimble swimmer 1), tentacles
a: no special abilities


You were on level 5 of the Dungeon.
You visited 1 branch of the dungeon, and saw 1 of its levels.

Inventory:

Hand Weapons
 a - a +0 hand axe (weapon)
Armour
 g - a +0 buckler
Wands
 f - a wand of digging (3)
Scrolls
 b - a scroll of fog
 c - a scroll of magic mapping
Potions
 e - a potion of haste


   Skills:
 + Level 3.1 Fighting
 + Level 2.1 Axes
 + Level 2.1 Dodging
 + Level 6.7 Stealth
 + Level 0.4 Shields


You had one spell level left.
You didn't know any spells.
Your spell library was empty.

Dungeon Overview and Level Annotations

Branches:
Dungeon (5/15)
 Temple: D:4-7

Altars:


Innate Abilities, Weirdness & Mutations

You cannot wear most types of armour.
You are amphibious.
You can wear up to eight rings at the same time.
Your skin changes colour to match your surroundings (Stealth+).
Your rubbery body absorbs attacks. (AC +1, EV +1)
((You are camouflaged when in or above water. (Stealth+)))
You have tentacles for arms and can constrict up to eight enemies at once.


Message History

The puff of flame misses you. The orc barely misses you.
A quokka comes into view.
The orc wizard casts a spell.
The orc wizard flickers and vanishes!
Deactivating autopickup; reactivate with Ctrl-A.
You hit the orc. You grab the orc.
The orc is severely wounded.
You constrict the orc, but do no damage.
The orc hits you with a +0 club.
You hit the orc.
You kill the orc!
The quokka bites you.
You hit the quokka. Your grab misses the quokka.
The quokka is severely wounded.
The quokka closely misses you.
You hit the quokka.
You kill the quokka!
You have reached level 2!
You miss something. Something hits you.
You miss something. Something hits you but does no damage.
You closely miss something. Your squeeze misses something.
Something hits you. x2
You miss something. Something barely misses you.
You hit something. You squeeze something.
Something hits you but does no damage.
You miss something. You squeeze something. Something hits you.
You hit something but do no damage.
You hear some strange, mumbled words.
A magic dart appears from out of thin air!
The magic dart hits you.
* * * LOW HITPOINT WARNING * * *
Okay, then.
As you read the scroll of fear, it crumbles to dust.
You assume a fearsome visage.
The orc looks frightened!
You hear some strange, mumbled words.
You are confused.
You see here a book of Armaments.
Okay, then.
The orc blubbers, "Help meeeeeeee!"
Something hits you.
You die...

##### #.... #.#.#
#.#.# #.#.#
########.#<#
#..........#
##......:.@#
......))#..#
#.####)#..# #.
#.#..# #.# #.#..####
######.# #.......#
#......####.......#
##..............##.#
................# .#


There were no monsters in sight!

Vanquished Creatures
  3 orcs (D:5)
  A quokka (D:5)
4 creatures vanquished.

Notes
Turn   | Place    | Note
-------+----------+-------------------------------------------
     0 | D:5      | croobank the Octopode Delver began the quest for the Orb.
     0 | D:5      | Reached XP level 1. HP: 16/16 MP: 1/1
     9 | D:5      | Noticed an orc wizard
    19 | D:5      | Reached XP level 2. HP: 15/21 MP: 2/2
    26 | D:5      | HP: 1/21 [something/magic dart (6)]
    37 | D:5      | Slain by an orc wizard

Illustrated notes

Levels and vault maps discovered:
D:5:      layout_basic

Action                   || total
-------------------------++-------
Melee: Hand axe          ||    14
       Constrict         ||     2
       Tentacles         ||     2
  Use: Scroll            ||     1
 Stab: Sleeping          ||     2
Armor: Skin              ||     2
Dodge: Dodged            ||     6
